 Dungeon Crawl Stone Soup version 0.31-a0-473-g61b50ae490 (webtiles) character file.

Game seed: 1050376134486809223

941 zazu2006 the Gusty (level 8, -8/87 HPs)
             Began as a Gnoll Wanderer on Aug 6, 2023.
             Was an Initiate of Vehumet.
             Mangled by Pikel
             ... wielding a +0 whip of electrocution
              (17 damage)
             ... on level 4 of the Dungeon.
             The game lasted 00:11:27 (4946 turns).

zazu2006 the Gusty (Gnoll Wanderer)                 Turns: 4946, Time: 00:11:27

Health: -8/87      AC: 24    Str: 13      XL:     8   Next: 12%
Magic:  16/16      EV:  2    Int: 12      God:    Vehumet [......]
Gold:   269        SH:  0    Dex:  6 (12) Spells: 14/18 levels left

rFire   . . .        j - +2 dagger (speed)
rCold   . . .        (no shield)
rNeg    . . .        c - melded +0 robe
rPois   +            (helmet currently unavailable)
rElec   .            (cloak currently unavailable)
rCorr   .            (gloves currently unavailable)
SInv    .            (boots currently unavailable)
Will    .....        (no amulet)
Stlth   ++           g - ring of flight
HPRegen 0.34/turn    (no ring)
MPRegen 0.15/turn

%: no passive effects
@: mighty, tree-form, invisible
A: stationary, stasis, torment immunity, boosted hp, (fangs 1), strong nose,
distributed training
a: Renounce Religion


You were on level 4 of the Dungeon.
You worshipped Vehumet.
Vehumet was noncommittal.
You were a tree.
You visited 2 branches of the dungeon, and saw 6 of its levels.

You collected 269 gold pieces.

Inventory:

Hand Weapons
 j - a +2 dagger of speed (weapon)
Missiles
 y - 4 throwing nets
Armour
 c - a +0 robe (melded)
 p - the +0 ring mail "Ogineis" {+Blink Str+2}
   (You found it on level 3 of the Dungeon)

   Str:       It affects your strength (+2).
   +Blink:    It lets you blink.
 s - an orb of light
 u - the +0 robe of Distant Shores {Will+ Str-3 Dex+6 SInv}
   (You found it on level 3 of the Dungeon)

   Str:       It affects your strength (-3).
   Dex:       It affects your dexterity (+6).
   SInv:      It lets you see invisible.
   Will:      It increases your willpower.
Jewellery
 g - a ring of flight (left branch)
 w - a ring of positive energy
Scrolls
 d - a scroll of amnesia {unknown}
 f - a scroll of noise {unknown}
 h - 5 scrolls of teleportation {unknown}
 i - 2 scrolls of enchant weapon {unknown}
 k - 4 scrolls of immolation {unknown}
 m - a scroll of vulnerability {unknown}
 n - a scroll of fog {unknown}
 q - a scroll of blinking {unknown}
 t - a scroll of identify {unknown}
 x - a scroll of fear {unknown}
Potions
 a - 2 potions of invisibility
 b - a potion of lignification
 l - a potion of degeneration {unknown}
 o - a potion of might
 r - a potion of cancellation {unknown}
 v - a potion of heal wounds {unknown}


   Skills:
 + Level 3.0 Fighting
 + Level 3.0 Short Blades
 + Level 3.0 Long Blades
 + Level 3.0 Axes
 + Level 3.0 Maces & Flails
 + Level 3.0 Polearms
 + Level 3.0 Staves
 + Level 3.0 Ranged Weapons
 + Level 3.0 Throwing
 + Level 3.0 Armour
 + Level 3.0 Dodging
 + Level 3.9 Stealth
 + Level 3.0 Shields
 + Level 3.0 Unarmed Combat
 + Level 5.9 Spellcasting
 + Level 2.4 Conjurations
 + Level 2.4 Hexes
 + Level 2.4 Summonings
 + Level 2.4 Necromancy
 + Level 2.4 Translocations
 + Level 2.4 Transmutations
 + Level 2.4 Fire Magic
 + Level 2.4 Ice Magic
 + Level 6.0 Air Magic
 + Level 4.5 Earth Magic
 + Level 2.4 Poison Magic
 + Level 3.3 Invocations
 + Level 5.5 Evocations
 + Level 2.4 Shapeshifting


You had 14 spell levels left.
You knew the following spells:

 Your Spells              Type           Power      Damage    Failure   Level
a - Shock                 Conj/Air       52%        1d6       3%          1
b - Volatile Blastmotes   Fire/Tloc      18%        2d11      21%         3

Your spell library contained the following spells:

 Spells                   Type           Power      Damage    Failure   Level
 Sandblast                Erth           28%        2d8       2%          1
 Cigotuvi's Dreadful Rot  Necr/Pois/Air  24%        N/A       6%          2
 Stone Arrow              Conj/Erth      24%        3d8       13%         3
 Summon Lightning Spire   Summ/Air       13%        N/A       32%         4
 Fulminant Prism          Conj/Hex       4%         3d5       54%         4
 Iskenderun's Mystic Bla  Conj/Tloc      9%         2d4       54%         4
 Sticky Flame             Conj/Fire      9%         2d3       54%         4
 Infestation              Necr           4%         N/A       100%        8


Dungeon Overview and Level Annotations

Branches:
Dungeon (5/15)             Temple (1/1) D:4

Altars:
Ashenzari
Cheibriados
Dithmenos
Elyvilon
Fedhas
Gozag
Hepliaklqana
Kikubaaqudgha
Makhleb
Okawaru
Qazlal
Ru
Sif Muna
Trog
Uskayaw
Vehumet
Wu Jian
Xom
Yredelemnul
Zin
The Shining One

Annotations:
D:2 1 runed translucent door, Crazy Yiuf
D:4 Pikel


Innate Abilities, Weirdness & Mutations

You are a tree.
Your roots penetrate the ground, keeping you stationary.
You cannot be teleported.
You are immune to unholy pain and torment.
Your maximum health is greatly increased.
Your equipment is partially melded.
((You have very sharp teeth.))
Your uncanny sense of smell can sniff out nearby items.
Your experience applies equally to all skills.


Message History

Pikel attacks as you move away! Pikel completely misses you.
Pikel attacks as you move away!
Pikel hits you with a +0 whip of electrocution.
You are electrocuted!
You aren't carrying any items that you can evoke.
Really quaff the potion of lignification?
You turn into a tree.
Your +0 robe melds into your body.
Your roots penetrate the ground.
Pikel hits you but does no damage.
It was a potion of invisibility.
You become transparent, but the glow from your halo prevents you from becoming completely invisible.
Pikel hits you with a +0 whip of electrocution.
Unknown command.
Pikel hits you but does no damage.
Keep disrobing?
You start removing your armour.
You continue taking off your orb of light.
Pikel hits you with a +0 whip of electrocution.
You continue taking off your orb of light.
Pikel hits you but does no damage.
You are electrocuted!
* * * LOW HITPOINT WARNING * * *
You continue taking off your orb of light.
Pikel hits you but does no damage.
You are electrocuted!!
* * * LOW HITPOINT WARNING * * *
You continue taking off your orb of light.
Pikel barely misses you.
You finish taking off your orb of light.
Unknown command.
It was a potion of curing.
You feel better. Pikel hits you but does no damage.
You feel better.
Pikel hits you with a +0 whip of electrocution.
* * * LOW HITPOINT WARNING * * *
It was a potion of might.
You feel very mighty all of a sudden. Pikel hits you but does no damage.
You puncture Pikel!
Pikel is moderately wounded.
Pikel hits you with a +0 whip of electrocution.
* * * LOW HITPOINT WARNING * * *
You are electrocuted!
You die...

###########
##.##......#
##.#.#.####.# #####
##.###..####.#
#####...# #.##
##......# #.....#.#
##.###..#.##.#
#.###...#
##.#...#.##.#####.#
##.##
###)#...5K♣....[..#
#.#
#.(.....###.#######
#.# #.#.#.#.###.####
#.# #[#.#..>.......#
####.#
#######.#..##.##.....#
#....##
..............##.....#
#.#††.#
...............#<....#
#.....#
....≈≈≈≈≈......#.....#
###...#
..≈≈≈≈≈≈≈≈≈....###.###
##.##


You could see Pikel (unable to see you) and a lemure (unable to see you).

Vanquished Creatures
  Grinder (D:4)
  2 lemures (D:4)
  2 scorpions
  5 quasits (D:4)
  2 hounds (D:4)
  An orc priest (D:4)
  Terence (D:3)
  An iguana (D:4)
  2 orc wizards (D:4)
  Natasha (thrice) (D:2)
  4 gnolls (D:4)
  4 adders
  4 shadow imps (D:4)
  3 ufetubi (D:4)
  3 dart slugs
  11 orcs
  3 ball pythons
  2 bats
  3 endoplasms
  2 giant cockroaches
  5 goblins
  7 hobgoblins
  4 jackals (D:1)
  5 quokkas
  A frilled lizard (D:1)
  5 kobolds
  2 rats
88 creatures vanquished.

Notes
Turn   | Place    | Note
-------+----------+-------------------------------------------
     0 | D:1      | zazu2006 the Gnoll Wanderer began the quest for the Orb.
     0 | D:1      | zazu2006 set off with the following items: a +0 club, a
                  | potion of lignification, a +0 robe, a wand of flame (5);
                  | and the following spells available to memorise: Sandblast,
                  | Shock, Cigotuvi's Dreadful Rot, Stone Arrow, Summon
                  | Lightning Spire.
     0 | D:1      | Reached XP level 1. HP: 13/13 MP: 6/6
     2 | D:1      | Learned a level 1 spell: Shock
    96 | D:1      | Reached XP level 2. HP: 15/20 MP: 0/7
   588 | D:1      | Reached XP level 3. HP: 22/25 MP: 2/9
   648 | D:1      | Reached skill level 5 in Spellcasting
  1187 | D:2      | Reached skill level 1 in Invocations
  1438 | D:2      | Found a runed translucent door.
  1439 | D:2      | Noticed Crazy Yiuf
  1543 | D:2      | Noticed Natasha
  1547 | D:2      | Killed Natasha
  1548 | D:2      | Reached skill level 1 in Fighting
  1548 | D:2      | Reached skill level 1 in Short Blades
  1548 | D:2      | Reached skill level 1 in Long Blades
  1548 | D:2      | Reached skill level 1 in Axes
  1548 | D:2      | Reached skill level 1 in Maces & Flails
  1548 | D:2      | Reached skill level 1 in Polearms
  1548 | D:2      | Reached skill level 1 in Staves
  1548 | D:2      | Reached skill level 1 in Ranged Weapons
  1548 | D:2      | Reached skill level 1 in Throwing
  1548 | D:2      | Reached skill level 1 in Armour
  1548 | D:2      | Reached skill level 1 in Dodging
  1548 | D:2      | Reached skill level 1 in Shields
  1548 | D:2      | Reached skill level 1 in Unarmed Combat
  1548 | D:2      | Reached XP level 4. HP: 32/32 MP: 6/11
  1829 | D:2      | Noticed Natasha
  1835 | D:2      | Killed Natasha
  1836 | D:2      | Reached skill level 1 in Conjurations
  1836 | D:2      | Reached skill level 1 in Hexes
  1836 | D:2      | Reached skill level 1 in Summonings
  1836 | D:2      | Reached skill level 1 in Necromancy
  1836 | D:2      | Reached skill level 1 in Translocations
  1836 | D:2      | Reached skill level 1 in Transmutations
  1836 | D:2      | Reached skill level 1 in Fire Magic
  1836 | D:2      | Reached skill level 1 in Ice Magic
  1836 | D:2      | Reached skill level 1 in Poison Magic
  1836 | D:2      | Reached skill level 1 in Shapeshifting
  1976 | D:2      | Noticed Natasha
  1986 | D:2      | Killed Natasha
  1987 | D:2      | Reached XP level 5. HP: 6/37 MP: 3/12
  2237 | D:3      | Identified the +0 ring mail "Ogineis" {+Blink Str+2}
  2637 | D:3      | Noticed Terence
  2647 | D:3      | Killed Terence
  2763 | D:3      | Identified the +0 robe of Distant Shores {Will+ Str-3 Dex+6
                  | SInv}
  2900 | D:4      | Reached XP level 6. HP: 44/44 MP: 3/13
  3056 | D:4      | Reached skill level 5 in Evocations
  3413 | D:4      | Learned a level 3 spell: Volatile Blastmotes
  3434 | D:4      | Found a staircase to the Ecumenical Temple.
  3447 | Temple   | Entered the Ecumenical Temple
  3447 | Temple   | Noticed a Brimstone Fiend
  3447 | Temple   | Noticed an ice devil
  3448 | Temple   | Noticed a hellion
  3449 | Temple   | Noticed Naudic the pandemonium lord
  3449 | Temple   | Noticed Oleqaqit the pandemonium lord
  3450 | Temple   | Noticed a Hell Sentinel
  3451 | Temple   | Noticed a red devil
  3455 | Temple   | Noticed an ice devil
  3455 | Temple   | Noticed a red devil
  3455 | Temple   | Noticed Yfech the pandemonium lord
  3457 | Temple   | Noticed a neqoxec
  3457 | Temple   | Noticed Tuiwkevo the pandemonium lord
  3458 | Temple   | Noticed an Executioner
  3481 | Temple   | Became a worshipper of Vehumet
  3486 | Temple   | Noticed Obi Gyurgh the pandemonium lord
  3508 | D:4      | Reached XP level 7. HP: 51/51 MP: 10/15
  3574 | D:4      | Noticed Grinder
  3691 | D:4      | Paralysed by Grinder for 5 turns
  3697 | D:4      | Paralysed by Grinder for 5 turns
  3703 | D:4      | Paralysed by Grinder for 2 turns
  3724 | D:4      | Paralysed by Grinder for 4 turns
  3766 | D:4      | Paralysed by Grinder for 4 turns
  3772 | D:4      | Paralysed by Grinder for 4 turns
  3776 | D:4      | Killed Grinder
  3902 | D:4      | Got the Almanac of the Sun and the Crypt
  4166 | D:4      | Reached skill level 6 in Air Magic
  4325 | D:4      | Reached XP level 8. HP: 53/57 MP: 9/16
  4715 | D:5      | Entered Level 5 of the Dungeon
  4717 | D:5      | Noticed Pikel
  4941 | D:4      | HP: 2/87 [Pikel/+0 whip of electrocution (19)]
  4946 | D:4      | Mangled by Pikel

Illustrated notes

Levels and vault maps discovered:
D:1:      amcnicky_arrival_underground_garden, layout_rooms, serial_forest,
          infiniplex_forest_clump_small, infiniplex_forest_lined_2,
          infiniplex_forest_end_3, infiniplex_forest_clump_curved,
          infiniplex_forest_lined_corner, infiniplex_forest_clump_small
D:2:      layout_loops_ring, uniq_natasha, uniq_crazy_yiuf_cottage
D:3:      layout_rooms, uniq_terence
D:4:      layout_loops_cross, temple_pool_b, serial_demonic, serial_demonic_b,
          serial_demonic_f, serial_demonic_e, serial_demonic_b,
          serial_demonic_f, serial_demonic_d, serial_demonic_d, uniq_grinder
D:5:      layout_loops_cross, gammafunk_ghost_cemetery, uniq_pikel
Temple:   nicolae_temple_panitentiary

Skill      XL: |  1  2  3  4  5  6  7  8 |
---------------+-------------------------+-----
Spellcasting   | 5 |  5.9
Invocations    | 1 2 3 |  3.3
Fighting       | 1 2 3 |  3.0
Short Blades   | 1 2 3 |  3.0
Long Blades    | 1 2 3 |  3.0
Axes           | 1 2 3 |  3.0
Maces & Flails | 1 2 3 |  3.0
Polearms       | 1 2 3 |  3.0
Staves         | 1 2 3 |  3.0
Ranged Weapons | 1 2 3 |  3.0
Throwing       | 1 2 3 |  3.0
Armour         | 1 2 3 |  3.0
Dodging        | 1 2 3 |  3.0
Shields        | 1 2 3 |  3.0
Unarmed Combat | 1 2 3 |  3.0
Conjurations   | 1 2 |  2.4
Hexes          | 1 2 |  2.4
Summonings     | 1 2 |  2.4
Necromancy     | 1 2 |  2.4
Translocations | 1 2 |  2.4
Transmutations | 1 2 |  2.4
Fire Magic     | 1 2 |  2.4
Ice Magic      | 1 2 |  2.4
Poison Magic   | 1 2 |  2.4
Shapeshifting  | 1 2 |  2.4
Earth Magic    | 4 |  4.5
Stealth        | 3 |  3.9
Evocations     | 5 |  5.5
Air Magic      | 6 |  6.0

Action                     |  1- 3 |  4- 6 |  7- 9 || total
---------------------------+-------+-------+-------++-------
  Melee: Rapier            |    33 |       |       ||    33
         Bite              |     6 |     5 |     2 ||    13
         Punch             |     1 |       |       ||     1
         Dagger            |     5 |    44 |    38 ||    87
   Cast: Shock             |    62 |   113 |   106 ||   281
         Volatile Blastmot |       |       |     2 ||     2
  Evoke: Wand              |       |     3 |     2 ||     5
    Use: Potion            |       |       |     5 ||     5
 Armour: Robe              |    11 |     8 |    22 ||    41
         Skin              |       |       |     6 ||     6
  Dodge: Dodged            |    35 |    40 |    71 ||   146

Table legend: (Time is in decaauts)
 A = Elapsed time spent in this place.
 B = Non-inter-level travel time spent in this place.
 C = Inter-level travel time spent in this place.
 D = Time resting spent in this place.
 E = Time spent auto-exploring this place.
 F = Levels seen in this place.
 G = Mean time per level.
                   A        B        C        D        E       F      G
               +--------+--------+--------+--------+--------+-----+--------+
         Total |   4927 |   4760 |    167 |    337 |   3636 |   6 |  821.2 |
       Dungeon |   4797 |   4664 |    133 |    261 |   3629 |   5 |  959.4 |
        Temple |    130 |     96 |     34 |     76 |      7 |   1 |  130.0 |
               +--------+--------+--------+--------+--------+-----+--------+

Top non-repeatable levels by time:
     D:4: 1917 daAuts
     D:2: 1130 daAuts
     D:1: 1106 daAuts
     D:3: 634 daAuts
  Temple: 130 daAuts
     D:5: 9 daAuts
